Map: Simulacrum LE

Players

BerryRAWR - Winner!

  • Race: Terran Terran
  • League: Grandmaster
  • Spawn Location: 5:00

Flopsie

  • Race: Protoss Protoss
  • League: Master
  • Spawn Location: 11:00

VOD

Have the link to the VOD?

Description

Time

  • Played on: Feb. 22, 2020, 12:20 a.m.
  • Length: 23:34
Show
View Real Time Build Order
Export as new Build Order

BerryRAWR Terran - Winner!

Build Orders: Reaper Expand 

Get SALT Encoding   

  12  0:00  SCV  
  13  0:13  SCV  
  14  0:17  Supply Depot  
  14  0:25  SCV  
  15  0:39  SCV  
  16  0:51  SCV, Barracks  
  16  0:54  Refinery  
  17  1:03  SCV  
  18  1:15  SCV  
  19  1:43  Reaper, Orbital Command  
  20  1:49  Command Center  
  20  1:59  Barracks  
  20  2:08  SCV  
  20  2:09  Barracks  
  20  2:15  Barracks Reactor  
  21  2:21  Supply Depot  
  21  2:23  SCV  
  22  2:38  SCV  
  22  2:40  Factory  
  23  2:47  Engineering Bay, Barracks Tech Lab  
  23  2:51  Marine  
  23  2:54  SCV  
  23  2:57  Marine  
  26  3:06  Orbital Command  
  26  3:09  Marine x2  
  28  3:16  SCV  
  28  3:19  Marine x2  
  31  3:26  Marine  
  31  3:27  Stimpack  
  31  3:30  SCV  
  32  3:38  Marine  
  32  3:39  Marine x2  
  32  3:40  Orbital Command, Refinery  
  35  3:48  SCV  
  36  3:53  Factory Tech Lab  
  35  3:57  Reaper, Marine x2  
  35  3:58  Marine  
  35  4:00  SCV  
  40  4:07  SCV  
  41  4:10  Supply Depot  
  41  4:12  SCV  
  42  4:19  SCV  
  42  4:20  Bunker  
  43  4:25  Marine x2  
  43  4:28  SCV  
  43  4:31  SCV, Supply Depot, Siege Tank  
  49  4:57  Marauder, Marine x2  
  49  4:58  SCV x2  
  54  5:05  Command Center  
  54  5:06  Combat Shield, Starport  
  54  5:10  SCV  
  54  5:11  SCV  
  56  5:23  Marauder, Marine x3  
  56  5:24  SCV  
  62  5:29  Supply Depot  
  62  5:33  SCV  
  63  5:39  Supply Depot, Siege Tank  
  63  5:40  SCV  
  67  5:45  SCV  
  67  5:47  Marine  
  67  5:48  Marine  
  70  5:50  Marine x2  
  70  5:52  Medivac  
  74  6:00  SCV  
  73  6:16  SCV  
  73  6:17  SCV  
  75  6:20  Refinery x2  
  75  6:22  Medivac  
  75  6:23  Orbital Command  
  77  6:27  Marauder, Marine x2  
  77  6:28  Concussive Shells, SCV  
  77  6:29  SCV, Barracks Tech Lab  
  83  6:35  Barracks x2  
  83  6:41  SCV x2  
  85  6:52  Starport Reactor  
  85  6:53  SCV x2  
  87  6:54  Orbital Command  
  87  7:00  Armory  
  87  7:01  Terran Infantry Weapons Level 1  
  87  7:04  Supply Depot  
  87  7:05  SCV x2, Engineering Bay  
  87  7:07  Supply Depot  
  87  7:08  Marauder x2, Marine  
  94  7:17  SCV x2  
  94  7:18  Supply Depot  
  94  7:22  Supply Depot  
  96  7:29  SCV x2  
  97  7:30  SCV  
  97  7:35  Barracks Reactor, Barracks Tech Lab  
  97  7:36  Marauder x2, Marine x2  
  102  7:39  Terran Infantry Armor Level 1  
  102  7:41  SCV x2  
  102  7:42  SCV  
  105  7:45  Widow Mine  
  105  7:47  Drilling Claws  
  105  7:48  Medivac  
  109  7:53  SCV  
  109  7:54  SCV x2, Marine  
  109  7:56  Refinery x2  
  113  8:02  Supply Depot  
  113  8:04  Marauder  
  116  8:05  SCV, Supply Depot  
  116  8:06  SCV x2, Supply Depot  
  118  8:14  Marauder, Widow Mine, Marine x4  
  118  8:15  Marauder  
  118  8:17  SCV  
  118  8:18  Supply Depot  
  129  8:22  SCV  
  129  8:23  SCV  
  129  8:24  Supply Depot  
  131  8:28  Marauder  
  133  8:36  Supply Depot  
  133  8:37  Supply Depot  
  130  8:45  Widow Mine  
  130  8:46  Marauder, Marine x4  
  130  8:47  Marauder  
  140  8:49  Medivac x2, Marauder  
  140  8:52  SCV x2  
  140  8:55  Supply Depot  
  148  8:56  Supply Depot  
  148  9:04  Marine x2  
  148  9:08  Marauder x2  
  154  9:13  Marine  
  154  9:14  Marauder  
  157  9:18  Command Center  
  146  9:33  Marine x3  
  146  9:34  Marauder x2, Marine  
  146  9:35  Marine  
  147  9:38  Factory Reactor  
  147  9:42  Medivac x2  
  151  9:51  Marine  
  152  9:53  Marauder  
  152  9:55  Marauder x2  
  152  9:57  Marine x3  
  142  10:08  SCV x2  
  142  10:09  Terran Infantry Armor Level 2, Marine, Terran Infantry Weapons Level 2  
  142  10:12  Medivac x2  
  140  10:15  Marauder, Marine x3  
  140  10:16  Marauder x2  
  140  10:18  Widow Mine x2  
  146  10:27  Marine  
  147  10:30  Planetary Fortress  
  147  10:32  SCV x2  
  147  10:33  SCV, Marine x2  
  152  10:36  Marauder, Marine  
  152  10:38  Marauder x2  
  152  10:39  Widow Mine x2  
  152  10:40  Ghost Academy  
  163  10:48  Liberator x2  
  169  10:50  Marine  
  169  10:51  SCV x2, Marine  
  173  10:57  Marauder  
  173  10:59  Marauder  
  173  11:00  Marauder, Marine x2  
  181  11:06  Widow Mine x2  
  181  11:08  Marine  
  181  11:09  Enhanced Shockwaves  
  185  11:19  Marauder  
  172  11:28  Widow Mine  
  161  11:37  Widow Mine  
  161  11:39  Marauder x2, Marine  
  150  11:40  Marauder  
  150  11:42  Marine x3  
  150  11:47  Barracks, Liberator x2  
  150  11:49  SCV x3  
  150  11:51  Barracks x2  
  150  11:53  Widow Mine  
  159  11:57  Marine  
  159  11:59  Widow Mine  
  159  12:00  Marauder x2  
  166  12:01  Marauder, Command Center  
  168  12:15  Widow Mine  
  168  12:20  Widow Mine  
  164  12:24  Marine x3  
  164  12:31  SCV x2  
  164  12:32  SCV, Terran Infantry Weapons Level 3, Terran Infantry Armor Level 3  
  164  12:36  Missile Turret  
  164  12:39  SCV  
  164  12:43  SCV x2  
  167  12:46  Marine x3  
  167  12:51  SCV x2  
  171  12:52  Unknown  
  171  12:53  Unknown x2, Marauder x2  
  171  12:55  Barracks Reactor, SCV x2, Marauder  
  171  12:56  Barracks Tech Lab  
  180  13:02  Marine  
  180  13:04  Marine x2  
  185  13:06  Widow Mine x2  
  185  13:09  Medivac  
  185  13:10  Medivac  
  191  13:31  Unknown  
  187  13:35  Marauder x2, Marine  
  187  13:36  Marauder  
  182  13:42  Unknown  
  182  13:45  Marauder, Marine x2  
  141  13:55  Marine  
  141  13:56  Marauder, Widow Mine  
  141  13:57  Marine  
  141  13:58  Marauder  
  141  14:00  Marine x2  
  141  14:01  Marauder x2, Widow Mine  
  141  14:02  Viking x2, Marine  
  158  14:03  Marine  
  160  14:12  Marauder  
  160  14:13  Marine  
  160  14:16  Command Center  
  161  14:17  Marauder  
  161  14:18  Widow Mine  
  161  14:19  Marine  
  161  14:20  Marauder  
  161  14:22  Marauder  
  165  14:27  Marine x2  
  165  14:28  Marauder  
  165  14:29  Widow Mine  
  162  14:32  Viking  
  162  14:33  Marauder  
  162  14:38  Marauder  
  162  14:39  Widow Mine  
  166  14:45  Marine x2  
  166  14:46  Marauder x2, Marine  
  173  14:54  Command Center  
  173  15:25  SCV x2  
  173  15:27  Viking, SCV, Marine x4  
  173  15:28  Marauder x3, Widow Mine  
  188  15:48  SCV, Marine  
  188  15:49  Marauder  
  188  15:51  SCV x2  
  188  15:52  Marine, Widow Mine  
  188  15:53  Viking, Marauder x2  
  188  15:54  Widow Mine  
  167  16:01  Viking  
  167  16:02  Marauder x2  
  143  16:06  Orbital Command  
  143  16:08  Marine  
  143  16:11  Marauder  
  146  16:14  Widow Mine  
  146  16:15  Widow Mine  
  146  16:16  Marauder x2, Marine x4  
  146  16:17  Marine  
  159  16:18  Planetary Fortress  
  159  16:19  Starport  
  159  16:22  Refinery x2  
  159  16:23  Viking  
  159  16:24  Marauder x2  
  165  16:26  Marine  
  165  16:31  Medivac  
  164  16:35  Widow Mine  
  164  16:37  Widow Mine  
  164  16:38  Command Center  
  168  16:41  Missile Turret  
  168  16:53  Medivac  
  153  17:01  Medivac  
  153  17:07  Refinery  
  153  17:10  Marine  
  153  17:11  Marauder x2  
  158  17:23  Viking, Barracks Reactor  
  160  17:31  Viking  
  160  17:35  Refinery  
  160  17:36  Command Center  
  160  17:45  Viking  
  160  17:46  Viking  
  160  17:47  Marine x2  
  176  17:53  Medivac  
  176  17:54  Widow Mine x2, Marine x2  
  181  18:01  Viking  
  181  18:15  Unknown x3, Liberator x2  
  181  18:16  Unknown x2, Marauder x2  
  181  18:19  Missile Turret  
  190  18:22  Missile Turret  
  179  18:27  Marine  
  179  18:28  Marauder  
  174  18:44  Widow Mine  
  174  18:45  Marauder  
  174  18:47  Marauder, Marine x4  
  174  18:48  Marauder x2, Marine x2  
  169  18:51  SCV  
  169  18:54  Refinery  
  169  18:55  Marauder  
  140  19:05  Marine x5  
  140  19:07  Marauder  
  140  19:09  Marauder  
  146  19:10  Marauder x2, Marine  
  146  19:16  Marine  
  141  19:22  Marine  
  116  19:35  Marauder  
  116  19:40  Missile Turret  
  116  19:43  SCV x2  
  116  19:44  SCV  
  115  19:52  Marauder x3, Marine x5  
  127  19:53  Marauder  
  127  19:55  SCV x2  
  130  20:09  Missile Turret  
  134  20:14  Marauder x2  
  134  20:19  SCV x2  
  136  20:29  Marine x3  
  136  20:30  Marauder x2  
  136  20:34  Medivac x2  
  136  20:35  Widow Mine x2  
  151  20:38  SCV x2  
  151  20:41  SCV  
  154  20:43  SCV  
  154  20:44  Planetary Fortress  
  154  20:48  Liberator x2  
  163  20:50  Marauder, Marine  
  163  20:55  Missile Turret  
  164  21:00  Widow Mine x2  
  166  21:22  Marine x2  
  166  21:23  Marauder x4, Marine  
  166  21:24  Medivac x2  
  177  21:26  Marine x2  
  177  21:27  Marauder  
  181  21:34  Medivac  
  183  21:44  Marauder  
  185  21:47  SCV x3  
  185  21:48  SCV x2  
  190  22:00  Widow Mine x2  
  190  22:01  Marauder x2, Marine x2  
  192  22:55  Widow Mine x2  
  179  23:08  Marauder x2, Marine x4  
  179  23:09  Marauder x2, Marine  
Show
View Real Time Build Order
Export as new Build Order

Flopsie Protoss 

Build Orders: 1 Gate Expand, Double Forge, Blink Stalkers 

Get SALT Encoding   

  12  0:00  Probe  
  13  0:13  Probe  
  14  0:17  Pylon  
  14  0:25  Probe (Chrono Boost)  
  15  0:37  Probe (Chrono Boost), Gateway  
  16  0:45  Probe (Chrono Boost)  
  16  0:46  Assimilator  
  17  0:51  Probe  
  18  1:03  Probe  
  19  1:15  Probe  
  20  1:26  Nexus  
  20  1:38  Cybernetics Core  
  20  1:41  Probe  
  21  1:50  Pylon  
  21  1:53  Probe  
  22  2:02  Assimilator  
  22  2:06  Probe  
  23  2:11  Stalker (Chrono Boost)  
  23  2:15  Warp Gate  
  25  2:18  Probe  
  26  2:30  Probe  
  26  2:33  Twilight Council  
  27  2:40  Stalker  
  27  2:42  Probe (Chrono Boost)  
  29  2:45  Probe (Chrono Boost)  
  31  2:53  Probe (Chrono Boost)  
  31  2:54  Probe (Chrono Boost)  
  31  2:57  Probe (Chrono Boost)  
  32  2:59  Probe (Chrono Boost)  
  34  3:08  Probe  
  34  3:10  Probe  
  34  3:12  Blink (Chrono Boost)  
  36  3:20  Probe, Stalker  
  36  3:23  Probe  
  40  3:32  Probe  
  41  3:39  Probe, Gateway  
  41  3:40  Gateway  
  42  3:44  Probe  
  43  3:53  Probe  
  44  3:57  Probe  
  45  4:05  Probe  
  46  4:10  Pylon  
  46  4:14  Robotics Facility  
  46  4:27  Nexus  
  46  4:28  Probe x2  
  46  4:29  Pylon, Assimilator  
  48  4:34  Pylon  
  48  4:37  Forge  
  48  4:39  Forge  
  48  4:40  Probe x2  
  50  4:52  Probe x2 (Chrono Boost)  
  52  4:57  Stalker x3  
  58  5:02  Observer  
  58  5:04  Probe (Chrono Boost), Charge  
  61  5:09  Protoss Ground Weapons Level 1 (Chrono Boost)  
  61  5:10  Probe (Chrono Boost)  
  61  5:13  Probe (Chrono Boost)  
  62  5:17  Probe (Chrono Boost)  
  62  5:18  Gateway  
  62  5:19  Protoss Ground Armor Level 1 (Chrono Boost)  
  61  5:22  Stalker  
  61  5:26  Gateway  
  63  5:29  Probe x2, Gateway  
  65  5:36  Sentry  
  65  5:37  Stalker  
  65  5:41  Probe  
  65  5:42  Probe  
  71  5:45  Stalker  
  71  5:47  Probe  
  74  5:53  Probe  
  74  5:54  Probe  
  76  5:59  Probe  
  76  6:02  Gateway  
  76  6:05  Probe, Pylon  
  76  6:06  Probe  
  76  6:08  Pylon  
  76  6:11  Probe, Sentry, Zealot x2  
  81  6:18  Gateway  
  85  6:19  Observer  
  85  6:23  Probe, Pylon  
  86  6:27  Pylon  
  86  6:29  Gateway  
  86  6:30  Gateway  
  86  6:35  Zealot x4  
  86  6:37  Probe  
  93  6:47  Stalker x2  
  93  6:50  Probe  
  93  6:51  Probe  
  99  6:58  Templar Archives  
  99  7:02  Assimilator  
  99  7:07  Zealot x5  
  99  7:08  Pylon  
  109  7:10  Probe  
  110  7:23  Probe  
  110  7:24  Protoss Ground Weapons Level 2 (Chrono Boost)  
  110  7:26  Observer  
  110  7:27  Psionic Storm  
  110  7:29  Probe  
  112  7:33  Probe  
  112  7:34  Protoss Ground Armor Level 2 (Chrono Boost), Zealot x6  
  125  7:41  Assimilator  
  125  7:43  Pylon, Assimilator  
  125  7:45  Pylon  
  125  7:47  Pylon  
  125  7:57  Pylon  
  125  8:01  Warp Prism, Probe  
  125  8:05  Pylon  
  128  8:06  High Templar x2  
  128  8:07  Zealot  
  128  8:08  Zealot x6  
  146  8:19  High Templar  
  148  8:27  Pylon  
  148  8:28  High Templar  
  148  8:30  Zealot x6  
  158  8:41  Observer  
  158  8:48  Stalker x2  
  162  8:54  Zealot x5  
  172  8:56  Nexus  
  172  8:59  Pylon  
  172  9:01  Pylon  
  172  9:23  High Templar  
  172  9:24  Warp Prism, High Templar x4  
  170  9:31  Zealot  
  172  9:45  Zealot  
  154  10:09  Warp Prism  
  154  10:10  Protoss Ground Weapons Level 3 (Chrono Boost), Protoss Ground Armor Level 3 (Chrono Boost)  
  154  10:17  Probe  
  154  10:18  Probe  
  156  10:24  Nexus  
  156  10:26  Probe  
  156  10:27  Pylon  
  157  10:33  Pylon  
  157  10:35  Pylon  
  157  10:37  Pylon  
  157  10:47  Observer  
  156  10:51  Zealot x2  
  156  10:52  Zealot x6  
  156  10:55  Assimilator  
  172  10:57  Assimilator  
  172  10:58  Robotics Bay  
  172  11:03  Robotics Facility  
  172  11:04  Probe  
  172  11:07  Probe  
  147  11:31  Zealot x9  
  147  11:32  Zealot  
  139  11:41  Probe  
  136  11:48  Extended Thermal Lance (Chrono Boost)  
  136  11:50  Colossus (Chrono Boost)  
  136  11:52  Colossus (Chrono Boost)  
  142  11:57  Probe  
  142  11:58  Zealot x5  
  153  12:05  Stalker x3  
  141  12:21  Stalker x5  
  143  12:42  Probe  
  143  12:43  Probe  
  145  12:46  High Templar x4  
  145  12:47  High Templar x2  
  163  12:51  Probe  
  163  12:52  Colossus (Chrono Boost)  
  163  12:53  Archon  
  163  12:54  Archon x2  
  163  12:57  Probe  
  165  13:00  Probe, Protoss Shields Level 1 (Chrono Boost)  
  162  13:19  Zealot x9  
  170  13:20  Zealot  
  169  13:39  Zealot  
  169  13:40  Zealot x2  
  156  13:49  Stalker x2  
  156  13:50  Stalker x3  
  146  13:57  Stalker x4  
  146  13:58  Zealot x3  
  160  14:14  Zealot x3  
  160  14:21  Zealot x4  
  165  14:37  Probe  
  164  14:38  Probe  
  164  14:41  Probe  
  164  14:43  Probe  
  165  14:46  High Templar x4  
  165  14:49  High Templar  
  165  14:50  High Templar x2  
  167  14:53  Probe  
  167  14:55  Archon x2, Photon Cannon  
  167  14:57  Observer  
  167  14:59  Probe, Protoss Shields Level 2 (Chrono Boost)  
  170  15:00  Probe  
  170  15:04  Probe  
  172  15:08  Probe  
  173  15:17  Probe  
  173  15:20  Probe  
  175  15:27  Zealot x6  
  187  15:31  Dark Shrine  
  187  15:37  Pylon  
  187  15:39  Gateway  
  187  15:40  Pylon  
  111  16:07  Probe  
  111  16:08  Probe  
  111  16:09  Nexus  
  111  16:10  Pylon  
  113  16:11  High Templar x4  
  113  16:12  High Templar x2  
  131  16:19  Archon x3  
  131  16:23  Probe  
  131  16:24  Probe  
  131  16:25  Probe  
  131  16:34  Stalker x4  
  139  16:49  Zealot x5  
  139  16:52  Stalker  
  137  17:07  Colossus (Chrono Boost)  
  137  17:17  High Templar x4, Observer  
  145  17:29  High Templar x2  
  149  17:30  High Templar x2  
  149  17:33  Pylon, Archon, Nexus  
  149  17:34  Archon  
  153  17:49  Dark Templar x2  
  157  17:57  Dark Templar  
  157  18:05  Zealot x2  
  157  18:11  Photon Cannon  
  154  18:14  Dark Templar  
  154  18:15  Zealot  
  152  18:24  Nexus  
  152  18:26  Nexus  
  117  19:01  Nexus  
  117  19:10  Dark Templar  
  101  19:30  Observer  
  78  19:33  Observer  
  78  19:41  Dark Templar x2  
  78  19:42  Dark Templar  
  82  19:48  Archon x2  
  82  19:56  Disruptor (Chrono Boost)  
  83  20:02  Stalker  
  83  20:03  Stalker x2  
  83  20:06  Pylon  
  89  20:15  Zealot x3  
  95  20:25  Disruptor (Chrono Boost)  
  97  20:45  Probe  
  97  20:46  Probe x2  
  97  20:47  Probe  
  97  20:48  Observer  
  101  20:57  Probe, Stalker  
  101  20:58  Probe x2  
  101  20:59  Probe  
  107  21:09  Probe  
  107  21:10  Probe x2  
  108  21:27  Probe  
  108  21:28  Probe  
  108  21:29  Disruptor (Chrono Boost)  
  113  21:38  Stalker  
  113  21:39  Stalker x5  
  125  21:44  Observer  
  125  21:50  Nexus  
  125  21:54  Pylon  
  125  21:56  Observer  
  123  22:01  Nexus  
  123  22:03  Pylon  
  123  22:12  Disruptor  
  126  22:23  Zealot x4  
  126  22:24  Zealot  
  136  22:31  Probe  
  136  22:32  Probe  
  118  23:03  Zealot x6  
Tags
 
Add a new tag
Caveats
  • Supply blocks, unpowered buildings, or Contaminate may cause inaccurate times.
  • Supply counts are checked every 10 seconds.